 Dungeon Crawl Stone Soup version 0.30-a0-292-g0f741e3f8e (webtiles) character file.

Game seed: 289478276492256110

521 plokij the Slasher (level 7, -3/61 HPs)
             Began as a Minotaur Fighter on Oct 17, 2022.
             Slain by an ogre
             ... wielding a +0 giant club
              (13 damage)
             ... on level 4 of the Dungeon.
             The game lasted 00:14:11 (2890 turns).

plokij the Slasher (Minotaur Fighter)               Turns: 2890, Time: 00:14:11

Health: -3/61      AC: 12    Str: 21    XL:     7   Next: 1%
Magic:  6/6        EV:  6    Int:  5    God:
Gold:   187        SH:  6    Dex: 17    Spells: 6/6 levels left

rFire   . . .      SeeInvis .    n - +3 falchion (drain)
rCold   . . .      Faith    .    c - +0 buckler
rNeg    . . .      Spirit   .    w - +0 plate armour
rPois   .          Reflect  .    (helmet restricted)
rElec   .          Harm     .    (no cloak)
rCorr   +          Rampage  .    (no gloves)
Will    .....                    (no boots)
Stlth   ..........               t - amulet of the acrobat
HPRegen 0.30/turn                l - ring of resist corrosion
MPRegen 0.10/turn                x - +6 ring of dexterity

@: no status effects
A: horns 2, retaliatory headbutt
a: no special abilities


You were on level 4 of the Dungeon.
You visited 1 branch of the dungeon, and saw 4 of its levels.

You collected 187 gold pieces.

Inventory:

Hand Weapons
 n - a +3 falchion of draining (weapon)
Missiles
 b - 14 stones (quivered)
Armour
 c - a +0 buckler (worn)
 w - a +0 plate armour (worn)
Jewellery
 l - a ring of resist corrosion (left hand)
 t - an amulet of the acrobat (around neck)
 x - a +6 ring of dexterity (right hand)
Scrolls
 f - a scroll of amnesia {unknown}
 g - 3 scrolls of identify {unknown}
 o - a scroll of fear {unknown}
 r - 2 scrolls of vulnerability {unknown}
 u - 2 scrolls of immolation {unknown}
 v - a scroll of enchant armour {unknown}
Potions
 a - a potion of cancellation {unknown}
 d - 2 potions of might
 e - 4 potions of brilliance {unknown}
 h - a potion of heal wounds {unknown}
 i - 2 potions of lignification {unknown}
 j - a potion of invisibility {unknown}
 k - a potion of flight {unknown}
 m - 2 potions of degeneration {unknown}
 p - a potion of curing {unknown}
 q - 3 potions of attraction {unknown}
 s - 2 potions of berserk rage {unknown}
 z - 2 potions of mutation {unknown}


   Skills:
 + Level 5.4 Fighting
 * Level 6.0 Long Blades
 + Level 5.3 Armour
 + Level 5.3 Shields


You had 6 spell levels left.
You didn't know any spells.
Your spell library contained the following spells:

 Spells                   Type           Power      Damage    Failure   Level
 Blink                    Tloc           0%         N/A       100%        2
 Manifold Assault         Tloc           0%         N/A       100%        4
 Storm Form               Tmut/Air       0%         N/A       100%        7


Dungeon Overview and Level Annotations

Branches:
Dungeon (4/15)
 Temple: D:4-7

Altars:

Shops:
D:4 (


Innate Abilities, Weirdness & Mutations

You have a pair of horns on your head.
You reflexively headbutt those who attack you in melee.


Message History

Eustachio is severely wounded.
You block Eustachio's attack.
You barely miss Eustachio. Your headbutt misses Eustachio.
Eustachio is severely wounded.
Eustachio hits you with a +1 falchion of holy wrath!
You hit Eustachio.
Eustachio is severely wounded.
Eustachio hits you but does no damage.
You slash Eustachio!
You kill Eustachio!
Your Long Blades skill increases to level 6!
You have reached level 7!
Things that are here:
a +1 falchion of holy wrath; a +0 leather armour
Found a stone staircase leading down.
b - 14 stones (gained 5)
You open the door.
Found Maczeutz's Antique Weapon Shop.
There is an open door here.
There is an entrance to Maczeutz's Antique Weapon Shop here.
You open the door. You open the door. As you open the door, it creaks loudly!
There is an open door here.
There is a stone staircase leading down here.
An ogre comes into view. It is wielding a +0 giant club.
The ogre shouts!
You hit the ogre.
The ogre is lightly wounded.
The ogre hits you with a +0 giant club!!
You hit the ogre but do no damage.
The ogre is lightly wounded.
The ogre hits you with a +0 giant club!!
* * * LOW HITPOINT WARNING * * *
You hit the ogre but do no damage. You drain the ogre.
The ogre is moderately wounded.
You hit the ogre. You headbutt the ogre.
The ogre is heavily wounded.
The ogre hits you with a +0 giant club!
You die...

#.....#..##
#.#...#...####
#.#.#####....#
......#...##.#####
#.###)#.#....>...###
#.###...####.......#
...###........##.#.#
)...#########.##.#.##...
<)).# ...#@O...... ....#
....###.#.... ...##
...... .# .. #.##
......## . #.# #..... ..
#..# .. ##.# .## .# .#


You could see an ogre (drained).

Vanquished Creatures
  Eustachio (D:4)
  A gnoll bouda (D:3)
  Terence (D:2)
  4 orc wizards (D:3)
  Natasha (D:2)
  Robin (D:2)
  6 adders
  4 gnolls
  A worm (D:3)
  2 dart slugs
  12 orcs (D:3)
  3 ball pythons (D:1)
  9 endoplasms
  5 giant cockroaches
  14 goblins
  12 hobgoblins
  2 jackals (D:2)
  6 bats
  A frilled lizard (D:2)
  5 kobolds
  4 rats
95 creatures vanquished.

Vanquished Creatures (others)
  7 fungi
  2 plants (D:2)
9 creatures vanquished.

Grand Total: 104 creatures vanquished

Notes
Turn   | Place    | Note
-------+----------+-------------------------------------------
     0 | D:1      | plokij the Minotaur Fighter began the quest for the Orb.
     0 | D:1      | Reached XP level 1. HP: 19/19 MP: 0/0
    46 | D:1      | Reached XP level 2. HP: 27/27 MP: 1/1
   292 | D:1      | Reached skill level 3 in Long Blades
   421 | D:1      | Reached XP level 3. HP: 33/33 MP: 2/2
   928 | D:2      | Found a faded altar of an unknown god.
   986 | D:2      | Noticed Robin
  1060 | D:2      | Killed Robin
  1061 | D:2      | Reached XP level 4. HP: 39/40 MP: 3/3
  1217 | D:2      | Noticed Terence
  1225 | D:2      | Killed Terence
  1226 | D:2      | Reached skill level 4 in Long Blades
  1451 | D:2      | Noticed Natasha
  1456 | D:2      | Killed Natasha
  1457 | D:2      | Reached XP level 5. HP: 39/46 MP: 4/4
  2416 | D:3      | Reached skill level 5 in Long Blades
  2480 | D:3      | Reached XP level 6. HP: 54/55 MP: 5/5
  2490 | D:3      | Reached skill level 5 in Fighting
  2490 | D:3      | Reached skill level 5 in Armour
  2490 | D:3      | Reached skill level 5 in Shields
  2794 | D:4      | Noticed Eustachio
  2800 | D:4      | Killed Eustachio
  2801 | D:4      | Reached skill level 6 in Long Blades
  2801 | D:4      | Reached XP level 7. HP: 51/61 MP: 6/6
  2859 | D:4      | Found Maczeutz's Antique Weapon Shop.
  2890 | D:4      | Slain by an ogre

Illustrated notes

Levels and vault maps discovered:
D:1:      dpeg_arrival_orchard, layout_loops_cross
D:2:      layout_basic, shapermc_ecumenical_altar_acropolis,
          guppyfry_early_lair_pool, uniq_natasha, uniq_robin, uniq_terence
D:3:      layout_basic, dreamdust_mushroom_princess
D:4:      layout_loops_cross, nicolae_gozag_cash_rules_everything_around_me,
          serial_shops, kennysheep_mini_moat, uniq_eustachio, uniq_sigmund

Skill      XL: |  1  2  3  4  5  6 |
---------------+-------------------+-----
Long Blades    | 3 4 5 6 |  6.0
Armour         | 4 5 |  5.3
Shields        | 4 5 |  5.3
Fighting       | 4 5 |  5.4

Action                   |  1- 3 |  4- 6 |  7- 9 || total
-------------------------+-------+-------+-------++-------
Melee: Long sword        |    82 |    18 |       ||   100
       Headbutt          |    10 |    22 |     1 ||    33
       Falchion          |       |   107 |     4 ||   111
Armor: Scale mail        |    39 |    20 |       ||    59
       Plate armour      |       |    38 |       ||    38
Dodge: Dodged            |    41 |    30 |       ||    71
Block: Buckler           |    15 |    19 |       ||    34

Table legend: (Time is in decaauts)
 A = Elapsed time spent in this place.
 B = Non-inter-level travel time spent in this place.
 C = Inter-level travel time spent in this place.
 D = Time resting spent in this place.
 E = Time spent auto-exploring this place.
 F = Levels seen in this place.
 G = Mean time per level.
                   A        B        C        D        E       F      G
               +--------+--------+--------+--------+--------+-----+--------+
         Total |   2926 |   2369 |    557 |    141 |   1556 |   4 |  731.5 |
       Dungeon |   2926 |   2369 |    557 |    141 |   1556 |   4 |  731.5 |
               +--------+--------+--------+--------+--------+-----+--------+

Top non-repeatable levels by time:
     D:2: 1122 daAuts
     D:3: 911 daAuts
     D:1: 748 daAuts
     D:4: 143 daAuts
